Map: Ascension to Aiur LE

Players

Nerchio - Winner!

  • Race: Zerg Zerg
  • League: Grandmaster
  • Spawn Location: 5:00

Lambo

  • Race: Zerg Zerg
  • League: Master
  • Spawn Location: 11:00

Event: WESG Barcelona European Finals 2017

VOD

Have the link to the VOD?

Description

Time

  • Played on: Nov. 24, 2017, 7:09 a.m.
  • Length: 6:09

All games in this series

Show
View Real Time Build Order
Export as new Build Order

Nerchio Zerg - Winner!

Build Orders: Hatch First, Zergling Baneling 

Get SALT Encoding   

  12  0:00  Drone  
  13  0:12  Overlord  
  13  0:17  Drone  
  14  0:30  Drone  
  14  0:31  Drone  
  14  0:34  Drone  
  17  0:51  Hatchery  
  17  0:54  Drone  
  17  0:58  Drone  
  17  1:00  Extractor  
  17  1:13  Spawning Pool  
  17  1:17  Drone  
  17  1:20  Drone  
  18  1:27  Drone  
  19  1:38  Overlord  
  19  1:49  Drone  
  20  1:59  Metabolic Boost  
  20  2:00  Queen  
  22  2:02  Queen  
  22  2:06  Zergling x2  
  25  2:09  Zergling x2  
  25  2:13  Drone  
  27  2:15  Drone  
  27  2:22  Drone  
  29  2:25  Drone  
  30  2:32  Drone  
  31  2:42  Hatchery  
  30  2:48  Baneling Nest  
  30  2:50  Zergling x2  
  30  2:52  Zergling x2  
  30  2:55  Zergling x2  
  30  2:57  Zergling x2  
  33  3:01  Overlord  
  33  3:05  Zergling x2  
  34  3:07  Zergling x2  
  34  3:11  Zergling x2  
  36  3:21  Drone  
  36  3:22  Drone x4  
  36  3:26  Overlord  
  41  3:32  Baneling x2  
  41  3:35  Zergling x4  
  41  3:37  Baneling  
  41  3:38  Baneling  
  43  3:41  Overlord  
  43  3:46  Drone x2  
  44  3:49  Drone  
  44  3:55  Zergling x6  
  46  3:57  Zergling x2  
  46  4:00  Drone  
  46  4:03  Zergling x2  
  46  4:09  Zergling x4  
  45  4:10  Queen  
  45  4:15  Drone  
  48  4:18  Evolution Chamber  
  48  4:19  Baneling x2  
  48  4:20  Zergling x4  
  48  4:24  Baneling x2  
  49  4:26  Zergling x2  
  49  4:27  Zergling x4  
  49  4:29  Baneling x2  
  51  4:32  Zergling x2  
  51  4:33  Zergling x2  
  51  4:35  Zergling x2  
  54  4:39  Zergling x4  
  54  4:41  Baneling  
  54  4:42  Zergling x2  
  54  4:43  Zergling x2  
  53  4:49  Zergling x6  
  55  4:56  Zergling x2  
  55  4:58  Zergling x2  
  50  5:01  Zergling x8  
  50  5:03  Zergling x2  
  52  5:08  Queen  
  52  5:09  Zergling x4  
  52  5:12  Zergling x2  
  56  5:20  Drone x2, Extractor  
  57  5:21  Baneling x3  
  57  5:22  Drone  
  58  5:31  Drone x2  
  58  5:32  Drone  
  61  5:36  Overlord  
  59  5:42  Zergling x2  
  59  5:43  Zergling x12  
  54  5:52  Zergling x2  
Show
View Real Time Build Order
Export as new Build Order

Lambo Zerg 

Build Orders: 3 Hatch before Pool 

Get SALT Encoding   

  12  0:00  Drone  
  13  0:13  Overlord  
  13  0:17  Drone  
  14  0:32  Drone x2  
  16  0:36  Drone  
  17  0:50  Drone  
  17  0:55  Hatchery  
  17  0:58  Drone  
  18  1:08  Drone  
  19  1:22  Hatchery  
  19  1:25  Drone  
  19  1:29  Extractor  
  18  1:39  Spawning Pool  
  17  1:41  Drone  
  17  1:44  Drone  
  19  1:51  Drone  
  20  2:03  Drone  
  20  2:06  Drone  
  22  2:13  Drone  
  23  2:17  Drone  
  24  2:25  Queen x2  
  24  2:28  Overlord  
  28  2:31  Metabolic Boost  
  28  2:34  Zergling x2  
  28  2:36  Zergling x2  
  30  2:39  Drone  
  32  2:44  Drone  
  32  2:47  Queen  
  34  2:53  Baneling Nest  
  34  2:56  Drone  
  35  2:58  Drone  
  35  3:00  Drone  
  35  3:05  Drone x2  
  38  3:08  Zergling x2  
  38  3:12  Overlord  
  39  3:14  Drone  
  39  3:16  Zergling x2  
  41  3:22  Zergling x2  
  42  3:29  Overlord  
  42  3:31  Overlord  
  42  3:32  Zergling x4  
  43  3:40  Baneling x2  
  42  3:43  Zergling x10  
  42  3:47  Zergling x4  
  45  3:53  Zergling x4  
  45  3:59  Zergling x4  
  44  4:04  Zergling x4  
  44  4:08  Zergling x2  
  42  4:14  Zergling x4  
  44  4:18  Zergling x4  
  44  4:23  Zergling x2  
  47  4:26  Baneling  
  47  4:27  Baneling x3  
  47  4:28  Baneling  
  46  4:34  Zergling x4  
  46  4:40  Zergling x4  
  46  4:44  Zergling x2  
  47  4:47  Drone  
  47  4:50  Drone  
  46  4:55  Zergling x2  
  46  4:56  Zergling x2  
  40  5:02  Drone  
  40  5:03  Drone  
  40  5:06  Drone x2  
  43  5:10  Drone  
  43  5:11  Baneling x2  
  43  5:16  Zergling x4  
  46  5:21  Zergling x4  
  46  5:27  Baneling x2  
  47  5:29  Zergling x4  
  48  5:36  Zergling x6  
  48  5:42  Zergling x6  
  51  5:49  Zergling x2  
  44  5:51  Zergling x2  
Tags
 
Add a new tag
Caveats
  • Supply blocks, unpowered buildings, or Contaminate may cause inaccurate times.
  • Supply counts are checked every 10 seconds.